 Dungeon Crawl Stone Soup version 0.29.1-14-g9c671dbff4 (webtiles) character file.

Game seed: 12180087238607694004

80783 Peloso the Fencer (level 15, -7/145 HPs)
             Began as a Minotaur Fighter on Feb 14, 2023.
             Was the Champion of Okawaru.
             Mangled by a cyan ugly thing (16 damage)
             ... on level 14 of the Dungeon.
             The game lasted 01:05:05 (27251 turns).

Peloso the Fencer (Minotaur Fighter)               Turns: 27251, Time: 01:05:06

Health: -7/145     AC: 31    Str: 26    XL:     15   Next: 24%
Magic:  16/16      EV:  7    Int:  8    God:    Okawaru [******]
Gold:   2437       SH:  7    Dex: 14    Spells: 14/14 levels left

rFire   + . .      SeeInvis .   a - +2 scimitar (venom)
rCold   + . .      Faith    .   d - +0 buckler
rNeg    . . .      Spirit   .   C - +0 crystal plate armour
rPois   +          Reflect  .   M - -1 hat of Inviolability {rF+ rC+}
rElec   .          Harm     .   y - +0 cloak {rPois}
rCorr   .          Rampage  .   P - +0 pair of gloves
Will    +....                   (no boots)
Stlth   ..........              A - amulet of regeneration
HPRegen 1.14/turn               f - +4 ring of protection
MPRegen 0.15/turn               Z - ring "Ucraforr" {Int+3 Dex+2 Slay+4}

@: no status effects
A: horns 2, retaliatory headbutt
a: Renounce Religion, Heroism, Finesse, Duel


You were on level 14 of the Dungeon.
You worshipped Okawaru.
Okawaru was exalted by your worship.
You visited 4 branches of the dungeon, and saw 22 of its levels.

You collected 2451 gold pieces.
You spent 14 gold pieces at shops.

Inventory:

Hand Weapons
 a - a +2 scimitar of venom (weapon)
 b - a +0 hand axe of flaming
 c - a +2 long sword of protection
Armour
 d - a +0 buckler (worn)
 t - a +0 plate armour of fire resistance
 y - a +0 cloak of poison resistance (worn)
 C - a +0 crystal plate armour (worn)
 J - the +7 chain mail of Midsummer {Rampage Int+2 Dex+3}
   (Okawaru gifted it to you on level 5 of the Lair of Beasts)

   Int:       It affects your intelligence (+2).
   Dex:       It affects your dexterity (+3).
   Rampage:   It bestows one free step when moving towards enemies.
 M - the -1 hat of Inviolability (worn) {rF+ rC+}
   (You found it on level 1 of the Lair of Beasts)

   rF:        It protects you from fire.
   rC:        It protects you from cold.
 P - a +0 pair of gloves (worn)
 V - the +1 hat of the Forsaken Bounties {+Inv}
   (Okawaru gifted it to you on level 3 of the Lair of Beasts)

   +Inv:      It lets you turn invisible.
 Y - +0 ice dragon scales
Jewellery
 f - a +4 ring of protection (left hand)
 A - an amulet of regeneration (around neck)
 H - a ring of flight
 I - a ring of protection from cold
 N - a ring of protection from fire
 Q - an amulet of reflection
 U - a ring of resist corrosion
 Z - the ring "Ucraforr" (right hand) {Int+3 Dex+2 Slay+4}
   (You found it on level 1 of the Lair of Beasts)

   [ring of slaying]

   Int:       It affects your intelligence (+3).
   Dex:       It affects your dexterity (+2).
   Slay:      It affects your accuracy & damage with ranged weapons and melee
   (+4).
Wands
 q - a wand of mindburst (22)
 r - a wand of iceblast (11)
 T - a wand of flame (10)
 X - a wand of quicksilver (4)
Scrolls
 e - 4 scrolls of teleportation
 g - 4 scrolls of enchant armour
 h - 3 scrolls of noise
 j - 2 scrolls of summoning
 l - 3 scrolls of enchant weapon
 m - a scroll of amnesia
 o - 3 scrolls of fog {unknown}
 p - a scroll of fear
 s - 2 scrolls of magic mapping
 u - a scroll of acquirement {unknown}
 w - a scroll of brand weapon
 B - 6 scrolls of immolation
 D - 2 scrolls of poison
 R - 2 scrolls of vulnerability {unknown}
 W - a scroll of silence
Potions
 i - 3 potions of flight
 k - 9 potions of ambrosia
 n - 6 potions of curing
 v - 4 potions of heal wounds {unknown}
 x - a potion of resistance {unknown}
 z - 3 potions of haste {unknown}
 E - a potion of invisibility {unknown}
 F - 5 potions of lignification {unknown}
 G - 2 potions of brilliance {unknown}
 K - 5 potions of mutation
 L - a potion of might
Miscellaneous
 O - a lightning rod (4/4)
 S - a condenser vane


   Skills:
 + Level 16.3 Fighting
 + Level 17.9 Long Blades
 + Level 2.6 Axes
 + Level 17.8 Armour
 + Level 3.6 Dodging
 + Level 0.8 Stealth
 + Level 12.5 Shields
 + Level 3.2 Invocations
 + Level 0.9 Evocations


You had 14 spell levels left.
You didn't know any spells.
Your spell library contained the following spells:

 Spells                   Type           Power      Damage    Failure   Level
 Beastly Appendage        Tmut           0%         N/A       100%        1
 Foxfire                  Conj/Fire      0%         2x1d4     100%        1
 Freeze                   Ice            0%         1d3       100%        1
 Magic Dart               Conj           0%         1d3       100%        1
 Ensorcelled Hibernation  Hex/Ice        0%         N/A       100%        2
 Scorch                   Fire           0%         2d5       100%        2
 Conjure Flame            Conj/Fire      0%         6-21      100%        3
 Frozen Ramparts          Ice            0%         1d1       100%        3
 Inner Flame              Hex/Fire       0%         N/A       100%        3
 Mephitic Cloud           Conj/Pois/Air  0%         N/A       100%        3
 Stone Arrow              Conj/Erth      0%         3d7       100%        3
 Cause Fear               Hex            0%         N/A       100%        4
 Flame Wave               Conj/Fire      0%         2d4       100%        4
 Hailstorm                Conj/Ice       0%         3d3       100%        4
 Passage of Golubria      Tloc           0%         N/A       100%        4
 Blade Hands              Tmut           0%         N/A       100%        5
 Irradiate                Conj/Tmut      0%         3d11      100%        5
 Silence                  Hex/Air        0%         N/A       100%        5
 Iron Shot                Conj/Erth      0%         9d1       100%        6
 Dragon Form              Tmut           0%         N/A       100%        7
 Storm Form               Tmut/Air       0%         N/A       100%        7
 Discord                  Hex            0%         N/A       100%        8
 Lehudib's Crystal Spear  Conj/Erth      0%         10d2      100%        8
 Polar Vortex             Ice            0%         N/A       100%        9
 Call Imp                 Summ           Unusable   N/A       N/A         2
 Animate Armour           Summ/Erth      Unusable   N/A       N/A         4
 Summon Cactus Giant      Summ           Unusable   N/A       N/A         6

Dungeon Overview and Level Annotations

Branches:
Dungeon (14/15)            Temple (1/1) D:5            Lair (5/5) D:11
  Swamp (0/4) Lair:2        Snake (0/4) Lair:2        Slime (0/5) Lair:5
    Orc (2/2) D:9             Elf (0/3) Orc:2        Vaults (0/5) D:13

Altars:
Ashenzari
Cheibriados
Elyvilon
Fedhas
Gozag
Kikubaaqudgha
Makhleb
Nemelex Xobeh
Okawaru
Ru
Sif Muna
Trog
Vehumet
Wu Jian
The Shining One
Jiyva

Shops:
D:1 (   D:5 **   Orc:2 *:(([

Annotations:
Orc:2 Rupert


Innate Abilities, Weirdness & Mutations

You have a pair of horns on your head.
You reflexively headbutt those who attack you in melee.


Message History

The green ugly thing is severely wounded.
The green ugly thing barely misses you.
The cyan ugly thing is engulfed in blazing flames.
Unknown command.
You slice the green ugly thing!! You headbutt the green ugly thing.
You kill the green ugly thing!
Okawaru accepts your kill.
Unknown command.
The cyan ugly thing trunk-slaps you!
* * * LOW HITPOINT WARNING * * *
The cyan ugly thing shocks you!
* * * LOW HITPOINT WARNING * * *
You see here an ugly thing corpse.
Unknown command.
You completely miss the cyan ugly thing.
The cyan ugly thing is severely wounded.
You block the cyan ugly thing's attack.
Unknown command.
You slash the cyan ugly thing!
The cyan ugly thing is poisoned.
The cyan ugly thing is almost dead.
The cyan ugly thing barely misses you. You furiously retaliate!
You headbutt the cyan ugly thing, but do no damage.
Unknown command.
You slash the cyan ugly thing!
The cyan ugly thing is almost dead.
Unknown command.
You hit the cyan ugly thing.
You kill the cyan ugly thing!
Okawaru accepts your kill. The cyan ugly thing barely misses you.
Unknown command.
The cyan ugly thing kicks you but does no damage.
The cyan ugly thing kicks you!
* * * LOW HITPOINT WARNING * * *
The cyan ugly thing shocks you!
* * * LOW HITPOINT WARNING * * *
You feel better. The cyan ugly thing kicks you.
* * * LOW HITPOINT WARNING * * *
The cyan ugly thing shocks you!
You die...

..# >.. . R... #.
°..# #.. ##...
##..####.°.#
#.........#
###.####.<######.
...u.....@.......
☼...##..u.#####..
........#†#
....#..?#)## ...
#.#.†..# ..
...###..# ...##
##.... ....
...... ... ###...


You could see 2 ugly things and an efreet.

Vanquished Creatures
  Saint Roka (Orc:1)
  Gastronok (D:11)
  A dire elephant (Lair:5)
  Snorg (Orc:2)
  The ghost of MinkTDR the Cleaver, a journeyman MiBe of Trog (D:9)
  4 vault guards
  An ice dragon (D:12)
  A merfolk avatar (Lair:5)
  4 two-headed ogres
  5 hydras
  2 boulder beetles (Lair:1)
  3 catoblepae
  The ghost of H0rd4k the Thaumaturge, a journeyman OpAr of Gozag (D:10)
  A centaur warrior (D:13)
  Urug (D:12)
  An orc high priest (Orc:2)
  A tengu warrior (D:13)
  Sonja (Orc:1)
  The ghost of Pascal76 the Cleaver, a novice MiGl (D:7)
  2 sea snakes (Lair:5)
  A lindwurm (Lair:1)
  A bog body (Lair:2)
  A harpy (Lair:5)
  A deep elf pyromancer (D:12)
  A wolf spider (Lair:1)
  2 cyclopes
  An oklob plant (D:7)
  4 orc sorcerers
  3 orc knights (Orc:1)
  4 manticores
  8 ugly things
  15 elephants
  3 black mambas
  Maurice (D:9)
  A gargoyle (D:13)
  2 rust devils
  17 cane toads
  4 rime drakes
  2 kobold demonologists
  5 komodo dragons
  2 tengu conjurers
  2 polar bears
  Prince Ribbit (D:6)
  A queen bee (Lair:2)
  7 trolls
  A wind drake (Lair:5)
  3 hornets
  3 slime creatures (D:13)
  Grinder (D:4)
  A snapping turtle (Lair:5)
  16 blink frogs
  Sigmund (D:3)
  A ynoxinul (D:9)
  A jumping spider (Lair:1)
  6 wraiths
  40 yaks
  A vampire (D:9)
  5 wyverns
  Eustachio (D:6)
  Grum (D:9)
  4 steam dragons
  6 basilisks
  A basilisk (shapeshifter) (D:13)
  7 vampire mosquitoes (D:12)
  2 redbacks (Lair:1)
  A redback simulacrum (D:13)
  2 nagas (Lair:2)
  2 wargs (Orc:2)
  2 acid dragons
  16 water moccasins
  Duvessa (D:7)
  3 sky beasts
  3 ice beasts
  5 ogres
  A black bear (Lair:3)
  36 orc warriors
  The ghost of grerr the Shield-Bearer, an amateur FoFi of Makhleb (D:4)
  9 wolves
  18 centaurs
  2 phantoms
  A kobold brigand (D:10)
  11 bullfrogs
  2 gnoll sergeants
  9 scorpions
  8 wights
  Dowan (D:7)
  28 killer bees
  4 howler monkeys
  3 electric eels (D:11)
  3 lava snakes (Lair:1)
  Crazy Yiuf (D:5)
  A gnoll bouda (D:5)
  21 orc priests
  9 hounds
  A jelly (D:7)
  3 iguanas
  28 orc wizards
  8 gnolls
  2 river rats (Lair:2)
  10 adders
  2 shadow imps (D:7)
  2 worms
  4 dart slugs
  113 orcs
  7 endoplasms
  7 giant cockroaches
  8 hobgoblins
  7 quokkas
  9 ball pythons
  3 bats
  8 goblins
  13 kobolds
  6 rats
671 creatures vanquished.

Vanquished Creatures (others)
  An orc wizard (D:8)
  3 orcs (D:9)
  A bush (Lair:5)
  30 fungi
  54 plants
89 creatures vanquished.

Grand Total: 760 creatures vanquished

Notes
Turn   | Place    | Note
-------+----------+-------------------------------------------
     0 | D:1      | Peloso the Minotaur Fighter began the quest for the Orb.
     0 | D:1      | Reached XP level 1. HP: 19/19 MP: 0/0
   279 | D:1      | Reached XP level 2. HP: 27/27 MP: 1/1
   530 | D:1      | Found Peazxud's Antique Weapon Shop.
   585 | D:1      | Reached XP level 3. HP: 33/33 MP: 2/2
   995 | D:2      | Found a faded altar of an unknown god.
  1413 | D:2      | Reached XP level 4. HP: 41/41 MP: 3/3
  1933 | D:3      | Noticed Sigmund
  2000 | D:3      | Killed Sigmund
  2001 | D:3      | Reached skill level 5 in Long Blades
  2001 | D:3      | Reached skill level 5 in Armour
  2001 | D:3      | Reached XP level 5. HP: 44/47 MP: 4/4
  2001 | D:3      | Reached XP level 6. HP: 50/53 MP: 5/5
  2105 | D:3      | Reached skill level 1 in Dodging
  2544 | D:4      | Found a runed translucent door.
  2546 | D:4      | Noticed grerr's ghost (amateur FoFi)
  2675 | D:4      | Noticed a sky beast
  2688 | D:4      | Killed a sky beast
  2777 | D:4      | Identified the +0 ring mail of Indemnity {Fly rElec Int+4}
  2986 | D:4      | Reached skill level 5 in Fighting
  3289 | D:4      | Noticed Grinder
  3292 | D:4      | Reached skill level 5 in Shields
  3292 | D:4      | Reached XP level 7. HP: 61/61 MP: 6/6
  3292 | D:4      | Paralysed by Grinder for 2 turns
  3300 | D:4      | Killed Grinder
  3577 | D:4      | Found a sparkling altar of Nemelex Xobeh.
  3840 | D:5      | Entered Level 5 of the Dungeon
  3917 | D:4      | Reached XP level 8. HP: 35/70 MP: 7/7
  4159 | D:5      | Found Peni's Elemental Accessories.
  4296 | D:5      | Found a radiant altar of Vehumet.
  4320 | D:5      | Found a staircase to the Ecumenical Temple.
  4340 | Temple   | Entered the Ecumenical Temple
  4345 | Temple   | Became a worshipper of Warmaster Okawaru
  4659 | D:5      | Found Til Peul's Mass Market.
  4957 | D:5      | Found a burning altar of Makhleb.
  4987 | D:5      | Found a glowing golden altar of the Shining One.
  5061 | D:5      | Found a runed translucent door.
  5062 | D:5      | Noticed Crazy Yiuf
  5143 | D:5      | Killed Crazy Yiuf
  5609 | D:6      | Found a white marble altar of Elyvilon.
  5632 | D:6      | Reached XP level 9. HP: 55/78 MP: 8/8
  5751 | D:6      | Reached * piety under Okawaru
  6021 | D:6      | Noticed Eustachio
  6061 | D:6      | Killed Eustachio
  6337 | D:6      | Noticed Prince Ribbit
  6363 | D:6      | Killed Prince Ribbit
  6458 | D:6      | Found a bloodstained altar of Trog.
  6474 | D:6      | Reached ** piety under Okawaru
  6483 | D:6      | Reached skill level 10 in Long Blades
  6873 | D:7      | Found a blossoming altar of Fedhas.
  7115 | D:7      | Noticed Pascal76's ghost (novice MiGl)
  7129 | D:7      | Noticed an oklob plant
  7169 | D:7      | Noticed Dowan
  7172 | D:7      | Noticed Duvessa
  7245 | D:7      | Killed Duvessa
  7254 | D:7      | Killed Dowan
  7475 | D:7      | Found a transporter.
  7477 | D:7      | Found a transporter.
  8352 | D:7      | Reached skill level 10 in Armour
  9075 | D:8      | Found a transporter.
  9152 | D:8      | Found a sacrificial altar of Ru.
  9314 | D:9      | Reached XP level 10. HP: 86/86 MP: 9/9
  9441 | D:9      | Reached *** piety under Okawaru
  9764 | D:9      | Noticed MinkTDR's ghost (journeyman MiBe)
  9772 | D:9      | Noticed Maurice
  9780 | D:9      | Killed Maurice
  9857 | D:9      | Found a staircase to the Orcish Mines.
  9931 | D:9      | Found a runed translucent door.
 10162 | D:9      | Noticed Grum
 10175 | D:9      | Reached **** piety under Okawaru
 10183 | D:9      | Killed Grum
 10668 | D:10     | Entered Level 10 of the Dungeon
 10690 | D:10     | Found a runed translucent door.
 10690 | D:10     | Noticed H0rd4k's ghost (journeyman OpAr)
 10768 | D:10     | Noticed a white ugly thing
 10779 | D:10     | Killed a white ugly thing
 10927 | D:10     | Noticed a two-headed ogre
 10946 | D:10     | Killed a two-headed ogre
 10946 | D:10     | Reached ***** piety under Okawaru
 10947 | D:10     | Reached XP level 11. HP: 92/97 MP: 8/10
 11217 | D:10     | Found an ancient bone altar of Kikubaaqudgha.
 11722 | D:9      | HP: 2/97 [rust devil (10)]
 12977 | D:11     | Reached skill level 1 in Invocations
 12983 | D:11     | Noticed Gastronok
 13398 | D:11     | Killed Gastronok
 13598 | D:11     | Found an ornate altar of the Wu Jian Council.
 13839 | D:11     | Received a gift from Okawaru
 13935 | D:11     | Found a staircase to the Lair.
 14221 | D:11     | Reached skill level 10 in Fighting
 14637 | Lair:1   | Entered Level 1 of the Lair of Beasts
 15028 | Lair:1   | Reached XP level 12. HP: 110/110 MP: 12/12
 15395 | Lair:1   | Found a runed translucent door.
 15803 | Lair:2   | Received a gift from Okawaru
 15892 | Lair:2   | Reached skill level 15 in Long Blades
 16292 | Lair:2   | Found a staircase to the Snake Pit.
 16709 | Lair:2   | Found a staircase to the Swamp.
 17052 | Lair:3   | Reached ****** piety under Okawaru
 17053 | Lair:3   | Reached XP level 13. HP: 89/119 MP: 13/13
 17324 | Lair:3   | Identified the +1 hat of the Forsaken Bounties {+Inv}
                  | (Okawaru gifted it to you on level 3 of the Lair of Beasts)
 17324 | Lair:3   | Received a gift from Okawaru
 18371 | D:4      | Killed grerr's ghost
 18556 | D:7      | Reached skill level 15 in Armour
 18586 | D:7      | Killed Pascal76's ghost
 18779 | D:12     | Noticed Urug
 18814 | D:12     | Killed Urug
 18815 | D:12     | Reached skill level 10 in Shields
 19903 | Orc:1    | Entered Level 1 of the Orcish Mines
 20152 | Orc:1    | Paralysed by an orc sorcerer for 5 turns
 20411 | Orc:1    | Noticed Sonja
 20425 | Orc:1    | Killed Sonja
 20425 | Orc:1    | Received a gift from Okawaru
 20723 | Orc:2    | Entered Level 2 of the Orcish Mines
 21310 | Orc:2    | Noticed Saint Roka
 21451 | Orc:1    | Killed Saint Roka
 21559 | Orc:2    | Found Joso's Antique Weapon Emporium.
 21571 | Orc:2    | Reached XP level 14. HP: 107/131 MP: 14/14
 21592 | Orc:2    | Found Unehiwni's Antique Armour Emporium.
 21677 | Orc:2    | Found Hastukhli's Book Emporium.
 21695 | Orc:2    | Found Piogg's General Store.
 21702 | Orc:2    | Bought a potion of degeneration for 14 gold pieces
 21763 | Orc:2    | Identified the +0 robe of Gol Ydghu {+Blink MP+9 Str-3}
                  | (Okawaru gifted it to you on level 2 of the Orcish Mines)
 21763 | Orc:2    | Received a gift from Okawaru
 21795 | Orc:2    | Noticed Snorg
 21809 | Orc:2    | Killed Snorg
 21870 | Orc:2    | Found a staircase to the Elven Halls.
 22306 | Orc:2    | Found Ahutuh's Weapon Shop.
 22360 | Orc:2    | Noticed Rupert
 23547 | Lair:5   | Entered Level 5 of the Lair of Beasts
 23816 | Lair:5   | Reached skill level 15 in Fighting
 23899 | Lair:5   | Reached skill level 1 in Axes
 24197 | Lair:5   | Identified the +7 chain mail of Midsummer {Rampage Int+2
                  | Dex+3} (Okawaru gifted it to you on level 5 of the Lair of
                  | Beasts)
 24197 | Lair:5   | Received a gift from Okawaru
 24288 | Lair:5   | Got the Secrets of Dung
 24750 | Lair:5   | Found a viscous altar of Jiyva.
 24750 | Lair:5   | Found a staircase to the Slime Pits.
 25109 | Lair:1   | Identified the -1 hat of Inviolability {rF+ rC+}
 25112 | Lair:1   | Found a runed translucent gate.
 25112 | Lair:1   | Found a runed translucent gate.
 25112 | Lair:1   | Found a runed translucent gate.
 25112 | Lair:1   | Found a runed translucent gate.
 25112 | Lair:1   | Found a runed translucent gate.
 25113 | Lair:1   | Found a runed translucent gate.
 25309 | Lair:1   | Identified the ring "Ucraforr" {Int+3 Dex+2 Slay+4}
 25575 | D:9      | Killed MinkTDR's ghost
 25600 | D:9      | Got Waleweeb's Catalogue of the Mountains
 25646 | D:10     | Killed H0rd4k's ghost
 26265 | D:12     | Reached XP level 15. HP: 138/144 MP: 16/16
 26438 | D:13     | Received a gift from Okawaru
 26514 | D:13     | Found a gate to the Vaults.
 27250 | D:14     | HP: 2/145 [cyan ugly thing (17)]
 27251 | D:14     | Mangled by a cyan ugly thing

Illustrated notes

Levels and vault maps discovered:
D:1:      dpeg_arrival_more_subterranean_lakeside_camping, layout_rooms,
          serial_shops, nicolae_shop_statue_plus, minmay_split_cup_small
D:2:      layout_basic, shapermc_ecumenical_altar_starsandcircs
D:3:      wad_pebble_path, layout_loops_ring, kennysheep_generic_room_15,
          uniq_sigmund
D:4:      layout_basic, nemelex_spade_bored_becter,
          hellmonk_ghost_happy_afterlife, serial_bayou_pond_d,
          amcnicky_mini_rare_corridor_liquid, st_stairs_1, minmay_misc_feat_chi,
          uniq_grinder
D:5:      layout_rooms, nicolae_vehumet_radiance, mainiacjoe_overflow_two_lobes,
          minmay_temple_entry_junction_2, minmay_tree_intersection,
          minmay_shop_mass, nicolae_elemental_shop, minmay_splitting_lines,
          uniq_crazy_yiuf_cottage
D:6:      layout_gridville, lemuel_doored_altar, trog_butcher_becter,
          uniq_prince_ribbit1, uniq_eustachio
D:7:      cheibrodos_iron_armory, layout_rooms, fedhas_ov_isle_minmay,
          nzn_ghost_randoct, serial_rivers, chequers_serial_rivers_large_a,
          chequers_serial_rivers_micro_b, chequers_serial_rivers_large_b,
          chequers_serial_rivers_marsh, chequers_serial_rivers_room_b,
          chequers_serial_rivers_small_a, uniq_duvessa
D:8:      layout_rooms, kennysheep_little_box, nicolae_diode_basic
D:9:      layout_roguey [special_room_orc], david_orc_2,
          hellmonk_ghost_big_iron, nrook_pool_corridor, uniq_maurice, uniq_grum
D:10:     layout_loops_ring, mainiacjoe_overflow_alcove_2,
          ebering_ghost_inner_flame, minmay_chambers_of_fives
D:11:     layout_loops_ring, erik_lair_island, nzn_wu_jian_contemplation,
          uniq_gastronok
D:12:     minmay_open_boxes_in_corner, layout_basic, uniq_urug
D:13:     layout_cave_pods, lightli_vaults_fourway_checkpoint
D:14:     kennysheep_green_arena, layout_rooms, infiniplex_staircase_pool_1
Temple:   nicolae_temple_ecumenical_triangle
Lair:1:   gammafunk_indiana_jones, layout_gridlike, infiniplex_staircase_pool
Lair:2:   regret_index_bee_streams, layout_regular_city,
          skrybe_swamp_entry_bodies, guppyfry_snake_entry_island,
          bh_autumn_forest_stairs, serial_bayou_shore_a, lemuel_fruit_tree
Lair:3:   layout_concentric_octagons
Lair:4:   layout_regular_city, nicolae_lair_grove_arrangements
Lair:5:   gammafunk_lair_ancient_temple, layout_small_grid,
          dpeg_slime_entry_enclosed
Orc:1:    layout_diamond_mine, nicolae_orc_damp_corner, uniq_sonja, uniq_fannar
Orc:2:    grunt_orc_cross, layout_caves, serial_shops, shop_statue, uniq_rupert,
          uniq_snorg

Skill      XL: |  1  2  3  4  5  6  7  8  9 10 11 12 13 14 15 |
---------------+----------------------------------------------+-----
Fighting       | 4 5 6 7 9 11 12 14 16 | 16.3
Long Blades    | 3 5 6 7 8 10 12 14 15 16 17 | 17.9
Shields        | 4 5 6 7 8 9 10 12 | 12.5
Armour         | 4 5 6 8 10 11 12 14 16 17 | 17.8
Dodging        | 1 2 3 |  3.6
Invocations    | 1 2 3 |  3.2
Axes           | 1 2 |  2.6
Stealth        | |  0.8
Evocations     | |  0.9

Action                   |  1- 3 |  4- 6 |  7- 9 | 10-12 | 13-15 || total
-------------------------+-------+-------+-------+-------+-------++-------
Melee: Long sword        |   104 |   152 |   344 |       |       ||   600
       Headbutt          |    16 |    22 |    81 |   219 |   380 ||   718
       Scimitar          |       |       |    39 |   864 |  1287 ||  2190
       Hand axe          |       |       |       |       |    30 ||    30
Invok: Heroism           |       |       |     2 |    20 |    17 ||    39
       Finesse           |       |       |       |     1 |     1 ||     2
Evoke: Wand              |       |       |     3 |     6 |     1 ||    10
  Use: Scroll            |       |     7 |     3 |     2 |    11 ||    23
       Potion            |       |       |       |     2 |     8 ||    10
 Stab: Petrifying        |       |       |       |       |     1 ||     1
       Petrified         |       |       |       |       |     1 ||     1
Armor: Scale mail        |    22 |       |       |       |       ||    22
       Chain mail        |    31 |   115 |   168 |       |       ||   314
       Crystal plate arm |       |       |   109 |   620 |  1044 ||  1773
       Plate armour      |       |       |       |       |    12 ||    12
Dodge: Dodged            |    51 |    61 |   149 |   245 |   371 ||   877
Block: Buckler           |    19 |    36 |   112 |   228 |   421 ||   816
